 Dungeon Crawl Stone Soup version 0.31.0-9-g3a7656b989 (webtiles) character file.

Game seed: 943789419515093212

134071 dialectric the Impaler (level 16, -2/133 HPs)
             Began as a Demonspawn Fighter on Jan 24, 2024.
             Was the Champion of Qazlal.
             Slain by a spark wasp (13 damage)
             ... on level 2 of the Depths.
             The game lasted 00:34:12 (20427 turns).

dialectric the Impaler (Demonspawn Fighter)        Turns: 20427, Time: 00:34:13

Health: -2/133     AC: 28    Str: 23    XL:     16   Next: 61%
Magic:  17/17      EV: 12    Int:  9    God:    Qazlal [******]
Gold:   2559       SH:  8    Dex: 17    Spells: 12/15 levels left

rFire   + + +        q - +0 trident of Disintegration {distort, +Blink rF+++ Dex+3 Stlth-}
rCold   . . .        (no shield)
rNeg    + . .        C - +9 chain mail "Ixaiph" {+Inv rPois}
rPois   +            X - +2 hat
rElec   +            L - +2 cloak "Xirhihio" {rPois}
rCorr   .            (gloves unavailable)
SInv    .            (boots unavailable)
Will    ++...        j - amulet of regeneration Stlth
                     A - ring of willpower
HPRegen 2.02/turn    H - ring of positive energy
MPRegen 0.30/turn

%: repel missiles
@: about to teleport, protected from electricity
A: antennae 2, claws 3, hooves 3, ignite blood 2, magic regeneration,
regeneration 1, screaming 2
a: Renounce Religion, Evoke Blink, Evoke Invisibility, Upheaval, Elemental
Force, Disaster Area


You were on level 2 of the Depths.
You worshipped Qazlal.
Qazlal was exalted by your worship.
You visited 6 branches of the dungeon, and saw 26 of its levels.
You also visited: Bailey.

You collected 2719 gold pieces.
You spent 160 gold pieces at shops.

Inventory:

Hand Weapons
 q - the +0 trident of Disintegration (weapon) {distort, +Blink rF+++ Dex+3 Stlth-}
   (You found it on level 3 of the Dungeon)

   Dex+3:     It affects your dexterity (+3).
   rF+++:     It renders you almost immune to fire.
   +Blink:    It lets you blink.
   Stlth-:    It makes you less stealthy.
 t - a +3 demon trident of venom
 W - a +2 morningstar of draining
Missiles
 f - 2 throwing nets (quivered)
Armour
 c - a +0 buckler
 C - the +9 chain mail "Ixaiph" (worn) {+Inv rPois}
   (You found it on level 4 of the Dungeon)

   rPois:     It protects you from poison +Inv: It lets you turn invisible.
 L - the +2 cloak "Xirhihio" (worn) {rPois}
   (You found it on level 8 of the Dungeon)

   rPois:     It protects you from poison
 X - a +2 hat (worn)
 Y - the +7 chain mail "Feevvy" {rCorr}
   (You found it on level 2 of the Lair of Beasts)

   rCorr:     It protects you from acid and corrosion.
Jewellery
 b - a ring of see invisible
 j - an amulet of regeneration (around neck)
 A - a ring of willpower (left claw)
 H - a ring of positive energy (right claw)
 P - a +4 ring of protection
 Q - a ring of flight
 R - an amulet of the acrobat
 T - an amulet of guardian spirit
Wands
 a - a wand of light (12)
 r - a wand of iceblast (21)
 y - a wand of flame (53)
 z - a wand of paralysis (20)
 K - a wand of mindburst (14)
 M - a wand of polymorph (12)
Scrolls
 i - 3 scrolls of immolation
 n - 3 scrolls of fear
 p - 10 scrolls of teleportation
 s - a scroll of identify
 w - 3 scrolls of revelation
 D - 3 scrolls of vulnerability
 F - a scroll of amnesia
 J - a scroll of fog
 N - 2 scrolls of enchant armour
 O - 3 scrolls of poison
 V - a scroll of noise {unknown}
Potions
 d - 6 potions of might
 e - a potion of mutation
 g - 11 potions of curing
 h - a potion of ambrosia {unknown}
 k - 2 potions of degeneration {unknown}
 m - 5 potions of enlightenment
 o - a potion of berserk rage
 u - 3 potions of haste
 v - 4 potions of brilliance
 x - 2 potions of invisibility
 E - 3 potions of resistance
 G - a potion of experience {unknown}
 I - 3 potions of attraction
 S - 3 potions of heal wounds
 U - 2 potions of cancellation {unknown}
 Z - 4 potions of lignification {unknown}


   Skills:
 * Level 14.3 Fighting
 + Level 16.7 Polearms
 + Level 15.1 Armour
 - Level 7.0 Dodging
 - Level 0.1 Stealth
 + Level 9.7 Shields
 * Level 2.4 Invocations
 + Level 1.4 Evocations


You had 12 spell levels left.
You knew the following spells:

 Your Spells              Type           Power      Damage    Failure   Level
a - Confusing Touch       Hex            0%         N/A       99%         3

Your spell library contained the following spells:

 Spells                   Type           Power      Damage    Failure   Level
 Apportation              Tloc           0%         N/A       83%         1
 Magic Dart               Conj           0%         1d3       83%         1
 Slow                     Hex            0%         N/A       83%         1
 Cigotuvi's Dreadful Rot  Necr/Alch/Air  0%         N/A       92%         2
 Jinxbite                 Hex            0%         N/A       92%         2
 Searing Ray              Conj           0%         2d4       92%         2
 Static Discharge         Conj/Air       0%         3-3/arc   92%         2
 Fugue of the Fallen      Necr           0%         N/A       99%         3
 Ozocubu's Armour         Ice            0%         N/A       99%         3
 Sigil of Binding         Hex            0%         N/A       99%         3
 Summon Ice Beast         Ice/Summ       0%         N/A       99%         3
 Tukima's Dance           Hex            0%         N/A       99%         3
 Vampiric Draining        Necr           0%         2d6       99%         3
 Airstrike                Air            0%         2d(0-16)  100%        4
 Dimensional Bullseye     Hex/Tloc       0%         N/A       100%        4
 Dispel Undead            Necr           0%         3d6       100%        4
 Fulminant Prism          Conj/Alch      0%         3d5       100%        4
 Iskenderun's Mystic Bla  Conj/Tloc      0%         2d3       100%        4
 Manifold Assault         Tloc           0%         N/A       100%        4
 Martyr's Knell           Necr/Summ      0%         N/A       100%        4
 Olgreb's Toxic Radiance  Alch           0%         N/A       100%        4
 Summon Lightning Spire   Summ/Air       0%         N/A       100%        4
 Alistair's Intoxication  Alch           0%         N/A       100%        5
 Summon Mana Viper        Hex/Summ       0%         N/A       100%        5
 Death Channel            Necr           0%         N/A       100%        6
 Monstrous Menagerie      Summ           0%         N/A       100%        7
 Ozocubu's Refrigeration  Ice            0%         4d7       100%        7
 Discord                  Hex            0%         N/A       100%        8


Dungeon Overview and Level Annotations

Branches:
Dungeon (15/15)            Temple (1/1) D:5            Lair (5/5) D:10
 Shoals (0/4) Lair:3       Spider (0/4) Lair:2        Slime (0/5) Lair:4
    Orc (2/2) D:9             Elf (1/3) Orc:2        Depths (2/4) D:15
 Bailey (visited)
 Vaults: D:13-14

Altars:
Ashenzari
Cheibriados
Dithmenos
Fedhas
Gozag
Hepliaklqana
Kikubaaqudgha
Makhleb
Nemelex Xobeh
Okawaru
Qazlal
Ru
Sif Muna
Trog
Uskayaw
Vehumet
Wu Jian
Xom
Yredelemnul
Jiyva

Shops:
Orc:2 **?(*

Portals:
Abyss: Lair:2
Pandemonium: Depths:1 Depths:2

Annotations:
D:8 1 runed translucent door, nroviw's ghost, novice DjFE
D:11 3 runed translucent doors, DeathSocks's ghost, journeyman HOMo
D:12 2 transporters, SuperJoe's ghost, journeyman NaSh
Lair:2 2 transporters, Zapai's ghost, journeyman DgAr
Orc:1 Rupert
Abyss:1 Harold; Jeremiah; Nessos; Roxanne; Urug


Innate Abilities, Weirdness & Mutations

You have a pair of antennae on your head.
You have claws for hands.
You have hooves in place of feet.
Your demonic aura often causes spilled blood to erupt in flames.
You regenerate magic rapidly.
Your natural rate of healing is unusually fast.
You frequently scream uncontrollably at your foes.


Message History

There is a stone staircase leading up here.
You feel sick.
The spark wasp is engulfed in blazing flames. x2
You block the spark wasp's attack.
The reaper hits you with a +2 scythe of venom.
* * * LOW HITPOINT WARNING * * *
Your resistance to electricity fades away.
You feel protected from physical attacks.
The reaper drags you backwards! The iron troll bites you.
* * * LOW HITPOINT WARNING * * *
The iron troll claws you but does no damage.
The iron troll barely misses you.
The spark wasp is engulfed in blazing flames.
The spark wasp stings you but does no damage.
You can't go up here!
Unknown command.
As you read the scroll of teleportation, it crumbles to dust.
You feel strangely unstable.
You feel sick. The reaper barely misses you.
The spark wasp stings you but does no damage.
The spark wasp is engulfed in blazing flames.
The spark wasp misses you.
The deep troll shaman bites you but does no damage.
The deep troll shaman closely misses you.
The deep troll shaman claws you but does no damage.
Unknown command.
You feel better. The spark wasp stings you!
* * * LOW HITPOINT WARNING * * *
The spark wasp shocks you!
* * * LOW HITPOINT WARNING * * *
The spark wasp is engulfed in blazing flames.
The spark wasp stings you but does no damage.
The reaper hits you but does no damage. You block the iron troll's attack.
The iron troll closely misses you. The iron troll claws you!
* * * LOW HITPOINT WARNING * * *
The spark wasp stings you.
* * * LOW HITPOINT WARNING * * *
The spark wasp shocks you!
Your resistance to physical damage fades away.
You feel protected from electricity.
You die...

..# ... # .)# .# .### ####
##+.# #.## ..... ..#
##...#{ #...# .#.#.#..#
#.§..# #..§.. #.#.#.#.#
#○...##..≈≈≈. #2#.#{.#
#yy.○#§§§§≈≈≈
#.#.#.########@#...≈≈§≈≈§
#.#.#........TTT2....≈≈≈§≈
#∩#.#.#.......2T☼☼.....§≈≈.
.#?#.#..................≈..
#.#.#.#....................
.#.#.#.....................
#.#.#.#....................
....................###+###
##..................#


You could see an iron troll (summoned), a reaper, 2 spark wasps, 2 deep trolls,
a shadow demon and a deep troll shaman (summoned).

Vanquished Creatures
  A lich (Depths:1)
  Kirke (D:12)
  A balrug (Depths:1)
  A stone giant (Depths:2)
  A dire elephant (Lair:5)
  Snorg (D:10)
  Erolcha (Orc:1)
  An ice dragon (Depths:1)
  4 hydras
  6 ogre magi
  A rakshasa (D:15)
  A centaur warrior (D:14)
  A catoblepas (Lair:5)
  4 dancing weapons
  24 two-headed ogres
  2 boulder beetles
  5 death yaks
  A tengu warrior (D:15)
  A spriggan berserker (Depths:1)
  An occultist (Depths:1)
  A vampire mage (Depths:1)
  A deep elf knight (Elf:1)
  Nergalle (Lair:2)
  A sun demon (Depths:2)
  2 skeletal warriors (D:14)
  An arcanist (D:8)
  A wolf spider zombie (D:15)
  A necromancer (D:15)
  A deep elf archer (Elf:1)
  4 lindwurms
  4 deep elf zephyrmancers
  5 ugly things
  A wolf spider (D:11)
  An orc knight (Bailey)
  6 deep elf pyromancers
  An orc sorcerer (D:15)
  4 manticores
  9 cyclopes
  6 elephants
  A centaur zombie (D:15)
  5 black mambas
  7 torpor snails
  4 kobold blastminers (Orc:1)
  14 cane toads
  4 unseen horrors
  10 komodo dragons
  A redback zombie (D:15)
  4 rime drakes
  4 yaktaurs
  2 tengu conjurers
  5 trolls
  2 tyrant leeches (Lair:5)
  7 hornets
  A polar bear (Lair:3)
  16 blink frogs
  15 dream sheep
  7 slime creatures (D:15)
  Sigmund (D:4)
  2 shadows
  2 jumping spiders (Lair:2)
  2 air elementals (Elf:1)
  5 wyverns
  3 wraiths
  5 hogs (D:12)
  2 water elementals
  A steam dragon (D:8)
  42 yaks
  A hog (shapeshifter) (D:15)
  5 wargs (Orc:1)
  2 redbacks (Lair:2)
  6 vampire mosquitoes
  2 acid dragons
  15 water moccasins
  29 orc warriors
  2 black bears
  An ice beast (D:5)
  A sky beast (D:6)
  33 ogres
  A black bear (shapeshifter) (D:14)
  5 wolves (Lair:5)
  2 centaurs
  A gnoll sergeant (D:6)
  8 bullfrogs
  2 scorpions
  2 earth elementals (Elf:1)
  10 wights
  2 electric eels
  3 howler monkeys
  7 orc priests
  A hound (D:6)
  A sleepcap (D:8)
  Terence (D:3)
  An iguana (D:10)
  Natasha (D:2)
  19 orc wizards
  4 gnolls
  2 adders
  3 shadow imps (D:6)
  A white imp (D:7)
  6 ufetubi (D:6)
  2 dart slugs (D:1)
  2 ribbon worms
  59 orcs
  6 bats
  10 endoplasms
  2 giant cockroaches (D:1)
  11 goblins
  3 hobgoblins
  8 kobolds
  5 quokkas
  7 ball pythons
  4 frilled lizards
  4 rats
587 creatures vanquished.

Vanquished Creatures (others)
  A human (D:13)
  A boggart (D:11)
2 creatures vanquished.

Grand Total: 589 creatures vanquished

Notes
Turn   | Place    | Note
-------+----------+-------------------------------------------
     0 | D:1      | dialectric the Demonspawn Fighter began the quest for the
                  | Orb.
     0 | D:1      | Reached XP level 1. HP: 18/18 MP: 1/1
   142 | D:1      | Discovered your monstrous ancestry.
   142 | D:1      | Gained mutation: You have large cloven feet. [demonic
                  | ancestry]
   142 | D:1      | Reached XP level 2. HP: 24/24 MP: 2/2
   275 | D:1      | Reached skill level 1 in Dodging
   369 | D:1      | Reached skill level 2 in Polearms
   419 | D:1      | Reached XP level 3. HP: 29/29 MP: 3/3
   419 | D:1      | Found a faded altar of an unknown god.
  1062 | D:2      | Found a sacrificial altar of Ru.
  1112 | D:2      | Reached XP level 4. HP: 36/36 MP: 4/4
  1439 | D:3      | Noticed Natasha
  1466 | D:2      | Killed Natasha
  1488 | D:3      | Found a broken altar of Ashenzari.
  1488 | D:3      | Found an opulent altar of Gozag.
  1503 | D:3      | Noticed Terence
  1524 | D:3      | Killed Terence
  1645 | D:3      | Gained mutation: Your demonic aura sometimes causes spilled
                  | blood to erupt in flames. [demonic ancestry]
  1645 | D:3      | Reached XP level 5. HP: 41/41 MP: 5/5
  1653 | D:3      | Identified the +0 trident of Disintegration {distort,
                  | +Blink rF+++ Dex+3 Stlth-}
  2070 | D:3      | Found a shadowy altar of Dithmenos.
  2070 | D:3      | Found a sacrificial altar of Ru.
  2244 | D:4      | Noticed Sigmund
  2260 | D:4      | Killed Sigmund
  2261 | D:4      | Reached skill level 3 in Polearms
  2261 | D:4      | Gained mutation: You have hoof-like feet. [demonic
                  | ancestry]
  2261 | D:4      | Reached XP level 6. HP: 47/48 MP: 6/6
  2502 | D:4      | Identified the +9 chain mail "Ixaiph" {+Inv rPois}
  2729 | D:5      | Entered Level 5 of the Dungeon
  2741 | D:5      | Identified the +2 long sword "Coeqom" {freeze, *Slow rPois
                  | Dex+2}
  2751 | D:5      | Learned a level 3 spell: Confusing Touch
  2814 | D:5      | Noticed an ice beast
  2823 | D:5      | Killed an ice beast
  2891 | D:5      | Reached skill level 4 in Polearms
  2891 | D:5      | Gained mutation: You have a pair of small antennae on your
                  | head. [demonic ancestry]
  2891 | D:5      | Reached XP level 7. HP: 13/54 MP: 7/7
  2931 | D:5      | Found a staircase to the Ecumenical Temple.
  3033 | D:5      | Reached skill level 5 in Armour
  3468 | Temple   | Entered the Ecumenical Temple
  3501 | Temple   | Became a worshipper of Qazlal Stormbringer
  3607 | D:6      | Reached skill level 5 in Polearms
  3617 | D:6      | Identified the +0 shortbow of the Crypt {freeze, rPois
                  | Dex+3}
  3669 | D:6      | Reached XP level 8. HP: 56/60 MP: 8/8
  3708 | D:6      | Reached skill level 6 in Polearms
  4076 | D:6      | Reached * piety under Qazlal
  4449 | D:7      | Reached skill level 7 in Polearms
  5207 | D:8      | Gained mutation: You have hooves in place of feet. [demonic
                  | ancestry]
  5207 | D:8      | Reached XP level 9. HP: 65/65 MP: 9/9
  5317 | D:8      | Reached skill level 8 in Polearms
  5392 | D:8      | Noticed an arcanist
  5397 | D:8      | Killed an arcanist
  5398 | D:8      | Reached skill level 9 in Polearms
  5402 | D:8      | Identified the +2 cloak "Xirhihio" {rPois}
  5418 | D:8      | Noticed nroviw's ghost (novice DjFE)
  5419 | D:8      | Found a runed translucent door.
  5438 | D:8      | Found a flagged portal.
  5473 | D:8      | Gained mutation: You have a pair of antennae on your head.
                  | [demonic ancestry]
  5473 | D:8      | Reached XP level 10. HP: 66/71 MP: 10/10
  5480 | D:8      | Reached skill level 10 in Polearms
  5520 | Bailey   | Entered a bailey
  6023 | Bailey   | Noticed an orc knight
  6027 | Bailey   | Identified the +9 triple crossbow "Quutzuhid" {penet, rF+
                  | Str+2}
  6037 | Bailey   | Reached skill level 11 in Polearms
  6049 | Bailey   | Killed an orc knight
  6141 | D:8      | Reached ** piety under Qazlal
  6297 | D:8      | Noticed Jeremiah
  6325 | D:8      | Banished Jeremiah
  6733 | D:9      | Noticed a two-headed ogre
  6740 | D:9      | Killed a two-headed ogre
  6741 | D:9      | Reached skill level 10 in Armour
  6741 | D:9      | Reached XP level 11. HP: 47/77 MP: 11/11
  6895 | D:9      | Reached skill level 12 in Polearms
  7022 | D:9      | Found a staircase to the Orcish Mines.
  7036 | Orc:1    | Entered Level 1 of the Orcish Mines
  7042 | Orc:1    | Reached *** piety under Qazlal
  7162 | Orc:2    | Entered Level 2 of the Orcish Mines
  7162 | Orc:2    | Found a staircase to the Elven Halls.
  7162 | Orc:2    | Found Wosomy's Assorted Antiques.
  7163 | Orc:2    | Noticed Erolcha
  7176 | Orc:2    | Noticed Urug
  7198 | Orc:1    | Killed Erolcha
  7211 | Orc:2    | Noticed a two-headed ogre
  7224 | Orc:2    | Noticed a two-headed ogre
  7240 | Orc:1    | Banished a two-headed ogre
  7241 | Orc:1    | Reached skill level 5 in Fighting
  7689 | D:10     | Entered Level 10 of the Dungeon
  7689 | D:10     | Noticed Harold
  7700 | D:10     | Banished Harold
  7704 | D:10     | Identified the +4 ring mail "Lyininia" {Harm Str+4}
  7960 | D:10     | Noticed Snorg
  7970 | D:10     | Killed Snorg
  7971 | D:10     | Reached skill level 13 in Polearms
  8111 | D:10     | Found a staircase to the Lair.
  8393 | Lair:1   | Entered Level 1 of the Lair of Beasts
  8475 | Lair:1   | Gained mutation: You have sharp fingernails. [demonic
                  | ancestry]
  8475 | Lair:1   | Reached XP level 12. HP: 87/87 MP: 12/12
  9400 | Lair:2   | Identified the +7 chain mail "Feevvy" {rCorr}
  9477 | Lair:2   | Noticed a hell hog
  9599 | Lair:2   | Reached **** piety under Qazlal
  9658 | Lair:2   | Found a hole to the Spider Nest.
  9699 | Lair:2   | Found a transporter.
  9732 | Lair:2   | Found a one-way gate to the infinite horrors of the Abyss.
  9732 | Lair:2   | Noticed Zapai's ghost (journeyman DgAr)
  9755 | Lair:2   | Found a transporter.
  9790 | Lair:2   | Noticed a seven-headed hydra
  9798 | Lair:2   | Banished a seven-headed hydra
  9799 | Lair:2   | Reached skill level 14 in Polearms
  9851 | Lair:2   | Noticed Nergalle
  9859 | Lair:2   | Killed Nergalle
 10537 | Lair:3   | Gained mutation: You have very sharp fingernails. [demonic
                  | ancestry]
 10537 | Lair:3   | Reached XP level 13. HP: 97/97 MP: 13/13
 10992 | Lair:3   | Reached skill level 5 in Shields
 11023 | Lair:3   | Found a staircase to the Shoals.
 11611 | D:11     | Reached skill level 5 in Dodging
 11693 | D:11     | Reached ***** piety under Qazlal
 11758 | D:11     | Identified the +1 dagger of the Absolute Madman {drain, rF-
                  | Dex+4}
 11865 | D:11     | Found a runed translucent gate.
 11866 | D:11     | Found a runed translucent gate.
 11867 | D:11     | Found a runed translucent gate.
 11872 | D:11     | Noticed a minotaur
 11873 | D:11     | Noticed DeathSocks's ghost (journeyman HOMo)
 12694 | Lair:4   | Found a viscous altar of Jiyva.
 12695 | Lair:4   | Found a staircase to the Slime Pits.
 12810 | Lair:5   | Entered Level 5 of the Lair of Beasts
 12851 | Lair:4   | Gained mutation: You have claws for hands. [demonic
                  | ancestry]
 12851 | Lair:4   | Reached XP level 14. HP: 60/109 MP: 14/14
 13274 | Lair:5   | Reached skill level 15 in Polearms
 13299 | Lair:4   | Reached skill level 10 in Fighting
 14210 | Lair:5   | Reached ****** piety under Qazlal
 15130 | Orc:1    | Gained mutation: Your demonic aura often causes spilled
                  | blood to erupt in flames. [demonic ancestry]
 15130 | Orc:1    | Reached XP level 15. HP: 80/119 MP: 15/15
 15152 | Orc:2    | Paralysed by something for 4 turns
 15157 | Orc:2    | Noticed Rupert
 15251 | Orc:1    | Banished Urug
 15935 | Orc:2    | Gained mutation: You occasionally lose the ability to drink
                  | potions when taking damage. [potion of mutation]
 15935 | Orc:2    | Gained mutation: You sometimes lose your temper in combat.
                  | [potion of mutation]
 15935 | Orc:2    | Gained mutation: Your natural rate of healing is unusually
                  | fast. [potion of mutation]
 15937 | Orc:2    | Lost mutation: You sometimes lose your temper in combat.
                  | [potion of mutation]
 15937 | Orc:2    | Lost mutation: You occasionally lose the ability to drink
                  | potions when taking damage. [potion of mutation]
 15937 | Orc:2    | Gained mutation: You occasionally shout uncontrollably at
                  | your foes. [potion of mutation]
 15937 | Orc:2    | Gained mutation: You frequently scream uncontrollably at
                  | your foes. [potion of mutation]
 15999 | Orc:2    | Reached skill level 1 in Evocations
 16023 | Orc:2    | Found Bowotoax's Magic Scroll Emporium.
 16023 | Orc:2    | Found Kaogg's General Store.
 16023 | Orc:2    | Found Uburoo's Antique Weapon Shop.
 16023 | Orc:2    | Found Daqor's General Store.
 16055 | Orc:2    | Bought a scroll of teleportation for 45 gold pieces
 16055 | Orc:2    | Bought a scroll of teleportation for 45 gold pieces
 16057 | Orc:2    | Bought a potion of berserk rage for 70 gold pieces
 16358 | Elf:1    | Entered Level 1 of the Elven Halls
 16426 | Elf:1    | Reached skill level 16 in Polearms
 16726 | Elf:1    | Paralysed by an air elemental for 1 turns
 16734 | Elf:1    | Identified the +1 leather armour of the Quick God {Int+3
                  | Dex+3 Slay+2}
 16942 | D:12     | Found a transporter.
 16958 | D:12     | Noticed SuperJoe's ghost (journeyman NaSh)
 16975 | D:12     | Found a transporter.
 17123 | D:12     | Noticed Kirke
 17150 | D:12     | Killed Kirke
 17533 | D:13     | Found a hide-covered altar of Uskayaw.
 17614 | D:14     | Noticed Roxanne
 17802 | D:14     | Identified the +2 robe "Aplujih" {Int+2}
 17810 | D:14     | Noticed Nessos
 17812 | D:14     | Paralysed by Nessos for 3 turns
 17833 | D:14     | Banished Nessos
 17957 | D:14     | Found a broken altar of Ashenzari.
 18282 | D:14     | Banished Roxanne
 18297 | D:15     | Entered Level 15 of the Dungeon
 18318 | D:15     | Gained mutation: You regenerate magic rapidly. [demonic
                  | ancestry]
 18318 | D:15     | Reached XP level 16. HP: 131/131 MP: 16/16
 19360 | D:15     | Found a staircase to the Depths.
 19502 | Depths:1 | Entered Level 1 of the Depths
 19518 | Depths:1 | Reached skill level 15 in Armour
 19706 | Depths:1 | Found an opulent altar of Gozag.
 19793 | Depths:1 | Found a snail-covered altar of Cheibriados.
 19864 | Depths:1 | Found a one-way gate leading to the halls of Pandemonium.
 19973 | Depths:1 | Reached skill level 1 in Invocations
 20319 | Depths:2 | Noticed a lich
 20348 | Depths:1 | Killed a lich
 20427 | Depths:2 | Slain by a spark wasp

Illustrated notes

Levels and vault maps discovered:
D:1:      minmay_arrival_four_houses, layout_loops_cross,
          hellmonk_ecumenical_altar_crossroads
D:2:      layout_loops_ring, basic_altar, kennysheep_boxes
D:3:      layout_basic, gammafunk_temple_overflow_statue,
          chequers_temple_overflow_statue_of_worship, uniq_terence, uniq_natasha
D:4:      layout_basic, uniq_sigmund
D:5:      layout_loops_ring, minmay_temple_entry_arrows,
          nicolae_underground_beach
D:6:      layout_basic
D:7:      layout_basic
D:8:      cheibrodos_wizards_tower, layout_basic,
          hellmonk_ghost_happy_afterlife, enter_bailey_6, uniq_jeremiah
D:9:      layout_long_grid, erik_orc_2
D:10:     layout_roguey, david_lair_shrubbed, nicolae_titane, uniq_harold,
          uniq_snorg
D:11:     minmay_the_grid_octo_tiled_octocenter
          [minmay_the_grid_octo_concentric,
          minmay_the_grid_octo_tetromino_candy, minmay_the_grid_octo_empty,
          minmay_the_grid_octo_empty, minmay_the_grid_octo_prize_big_c,
          minmay_the_grid_square_5x5_checkered_statues,
          minmay_the_grid_square_5x5_fancy_junction,
          minmay_the_grid_square_5x5_two_walls_a,
          minmay_the_grid_square_5x5_minimal], layout_basic,
          maelrawn_ghost_gauntlet_escape, serial_bayou_pond_e
D:12:     layout_cave_pools, nzn_ghost_randoct, minmay_quadrilaterals,
          uniq_kirke
D:13:     layout_long_grid, ximxim_vaults_locker_room, gammafunk_ghost_hive,
          serial_shops, shop, nicolae_uskayaw_murder_on_the_dancefloor,
          uniq_josephine
D:14:     layout_cave_pools, evilmike_ruin_ashenzari, uniq_nessos, uniq_roxanne
D:15:     grunt_enter_depths_magical_seal, layout_loops_corners, eino_curves_04,
          fungi_pond_lemuel
Temple:   nicolae_temple_bog_church
Lair:1:   layout_long_grid, grunt_megastairs_3, infiniplex_staircase_pool_2
Lair:2:   layout_cave_pods, spider_nest_entry_a, gammafunk_ghost_abyssal_escape,
          uniq_nergalle
Lair:3:   layout_roguey, mainiacjoe_shoals_entry_four_pools,
          infiniplex_staircase_pool
Lair:4:   layout_regular_city, slime_entry_1
Lair:5:   hangedman_lair_in_review, layout_loops_ring, wormcave,
          serial_bayou_shore_b
Orc:1:    layout_caves
Orc:2:    st_orc_ogre_mass, layout_caves, nicolae_volcano_entry_two_sided,
          serial_shops, shop, uniq_rupert, uniq_urug, uniq_erolcha
Elf:1:    nicolae_elf_arrival_fired_up, layout_gridlike, minmay_elf_demonology,
          item_on_display_a
Depths:1: layout_cave_pools, rand_demon_pan_entry_7, grunt_gozag_statues,
          hellmouth_1, slow_altar_1
Depths:2: grunt_double_whammy, layout_gridville, minmay_room_of_horrors,
          pf_dread_powers_of_hell, hangedman_decor_lopped,
          rand_demon_pan_entry_3, columned_hall_lemuel,
          nicolae_diode_intersection, infiniplex_staircase_river

Skill      XL: |  1  2  3  4  5  6  7  8  9 10 11 12 13 14 15 16 |
---------------+-------------------------------------------------+-----
Armour         | 3 4 5 7 8 10 11 12 13 14 15 | 15.1
Dodging        | 1 2 3 4 5 6 7 |  7.0
Polearms       | 2 3 4 5 7 9 11 13 14 15 16 | 16.7
Fighting       | 4 5 7 9 11 13 14 | 14.3
Shields        | 3 4 6 7 9 |  9.7
Evocations     | 1 |  1.4
Invocations    | 2 |  2.4
Stealth        | |  0.1

Action                     |  1- 3 |  4- 6 |  7- 9 | 10-12 | 13-15 | 16-18 || total
---------------------------+-------+-------+-------+-------+-------+-------++-------
  Melee: Trident           |   115 |   108 |   187 |   665 |  1187 |   308 ||  2570
         Kick              |     6 |       |    16 |   184 |   402 |   117 ||   725
         Punch             |     1 |       |     5 |    12 |    10 |     6 ||    34
  Evoke: Wand              |       |       |       |     2 |     4 |       ||     6
    Use: Potion            |       |     1 |       |       |     6 |     3 ||    10
         Scroll            |       |       |       |    10 |    17 |     3 ||    30
   Stab: Petrified         |       |       |       |       |     2 |       ||     2
 Armour: Scale mail        |    56 |    61 |       |       |       |       ||   117
         Chain mail        |       |    11 |   151 |   443 |   700 |   180 ||  1485
  Dodge: Dodged            |    49 |    58 |    82 |   230 |   388 |    68 ||   875
         Repelled          |       |       |       |     1 |    10 |     6 ||    17
  Block: Other             |       |       |       |    62 |   226 |    57 ||   345
